BSA
POCATELLO BOCCABELLAS @ ST CHARLES SHEENS
06/28/2026
 
TOP OF THE 1ST
Pocatello Boccabellas batting - Pitching for St Charles Sheens : RHP Toshikasu Kiyomizu
Pitching: RHP Toshikasu Kiyomizu
Batting: RHB José García 0-0: Ball
1-0: Called Strike
1-1: Ball
2-1: Ball
3-1: Foul Ball, location: 2F
3-2: Foul Ball, location: 2F
3-2: Fly out, F9 (Flyball, 89S)
Batting: LHB Norberto Muńóz 0-0: Foul Ball, location: 2F
0-1: Ball
1-1: Ground out 1-3 (Groundball, 15)
Batting: RHB Marlon Phipps 0-0: Ball
1-0: Ball
2-0: Called Strike
2-1: Foul Ball, location: 2F
2-2: Ball
3-2: Foul Ball, location: 2F
3-2: Base on Balls
Batting: LHB Juan Cortés 0-0: Ball
1-0: Called Strike
1-1: Called Strike
1-2: Strikes out swinging
Top of the 1st over - 0 run(s), 0 hit(s), 0 error(s), 1 left on base; Pocatello 0 - St Charles 0
BOTTOM OF THE 1ST
St Charles Sheens batting - Pitching for Pocatello Boccabellas : LHP Martin Lowry
Pitching: LHP Martin Lowry
Batting: RHB Dan Tyler 0-0: Ball
1-0: Fly out, F8 (Flyball, 8LM)
Batting: LHB Jason Lambert 0-0: Ball
1-0: Ball
2-0: Ball
3-0: Called Strike
3-1: Called Strike
3-2: Strikes out looking
Batting: RHB Júlio Figueroa 0-0: Swinging Strike
0-1: Ball
1-1: Ball
2-1: SINGLE (Line Drive, 7S)
Batting: LHB Larry Howard 0-0: Swinging Strike
0-1: SINGLE (Line Drive, 6D)
Júlio Figueroa to second
Batting: RHB Judson Backstrom 0-0: Called Strike
0-1: Called Strike
0-2: Ball
1-2: Strikes out swinging
Bottom of the 1st over - 0 run(s), 2 hit(s), 0 error(s), 2 left on base; Pocatello 0 - St Charles 0
TOP OF THE 2ND
Pocatello Boccabellas batting - Pitching for St Charles Sheens : RHP Toshikasu Kiyomizu
Batting: RHB Pedro Guzmán 0-0: Ground out 5-3 (Groundball, 5)
Batting: RHB José Delgado 0-0: Called Strike
0-1: Fly out, F8 (Flyball, 8LXD)
Batting: SHB Guillermo Ortíz 0-0: Ball
1-0: Ball
2-0: Foul Ball, location: 2F
2-1: Swinging Strike
2-2: Foul Ball, location: 2F
2-2: Ball
3-2: Ground out 1-3 (Groundball, 15S)
Top of the 2nd over - 0 run(s), 0 hit(s), 0 error(s), 0 left on base; Pocatello 0 - St Charles 0
BOTTOM OF THE 2ND
St Charles Sheens batting - Pitching for Pocatello Boccabellas : LHP Martin Lowry
Batting: LHB Bob Ware 0-0: Swinging Strike
0-1: Ground out 6-3 (Groundball, 6)
Batting: SHB Theron Harper 0-0: Ball
1-0: Called Strike
1-1: Ball
2-1: Ball
3-1: Foul Ball, location: 2F
3-2: Base on Balls
Batting: LHB Gene Cooper 0-0: Ball
1-0: Ball
2-0: Foul Ball, location: 2F
2-1: Foul Ball, location: 2F
2-2: Ball
3-2: Strikes out looking
Theron Harper steals 2nd base
Batter strikes out.
Batting: SHB Richard Bowman 0-0: Ball
1-0: Ball
Wild Pitch!
Theron Harper to third
2-0: Called Strike
2-1: Fly out, F9 (Flyball, 9M)
Bottom of the 2nd over - 0 run(s), 0 hit(s), 0 error(s), 1 left on base; Pocatello 0 - St Charles 0
TOP OF THE 3RD
Pocatello Boccabellas batting - Pitching for St Charles Sheens : RHP Toshikasu Kiyomizu
Batting: RHB Chris Parker 0-0: Ball
1-0: Called Strike
1-1: Ball
2-1: Called Strike
2-2: Ball
3-2: Base on Balls
Batting: RHB Fabrice Brodeur 0-0: Ball
1-0: Ground out 4-3 (Groundball, 13)
Chris Parker to second
Batting: RHB José García 0-0: Called Strike
0-1: Foul Ball, location: 2F
0-2: Foul Ball, location: 2F
0-2: Ball
1-2: Fly out, F4 (Popup, 4D)
Batting: LHB Norberto Muńóz 0-0: Called Strike
0-1: Ball
1-1: Swinging Strike
1-2: Ball
2-2: Ball
3-2: Foul Ball, location: 2F
3-2: Strikes out swinging
Top of the 3rd over - 0 run(s), 0 hit(s), 0 error(s), 1 left on base; Pocatello 0 - St Charles 0
BOTTOM OF THE 3RD
St Charles Sheens batting - Pitching for Pocatello Boccabellas : LHP Martin Lowry
Batting: RHB Dan Tyler 0-0: Ball
1-0: Ball
2-0: Ground out 4-3 (Groundball, 4)
Batting: LHB Jason Lambert 0-0: Ball
1-0: Ground out 5-3 (Groundball, 5S)
Batting: RHB Júlio Figueroa 0-0: SINGLE (Groundball, 4M)
Batting: LHB Larry Howard 0-0: Ball
1-0: Ground out 4-3 (Groundball, 4)
Bottom of the 3rd over - 0 run(s), 1 hit(s), 0 error(s), 1 left on base; Pocatello 0 - St Charles 0
TOP OF THE 4TH
Pocatello Boccabellas batting - Pitching for St Charles Sheens : RHP Toshikasu Kiyomizu
Batting: RHB Marlon Phipps 0-0: Ball
1-0: Ball
2-0: Foul Ball, location: 2F
2-1: Ground out 5-3 (Groundball, 5)
Batting: LHB Juan Cortés 0-0: Ground out 4-3 (Groundball, 34)
Batting: RHB Pedro Guzmán 0-0: SINGLE (Line Drive, 7S)
Batting: RHB José Delgado 0-0: Foul Ball, location: 2F
0-1: Swinging Strike
0-2: Ball
1-2: Ground out 6-3 (Groundball, 6)
Top of the 4th over - 0 run(s), 1 hit(s), 0 error(s), 1 left on base; Pocatello 0 - St Charles 0
BOTTOM OF THE 4TH
St Charles Sheens batting - Pitching for Pocatello Boccabellas : LHP Martin Lowry
Batting: RHB Judson Backstrom 0-0: Ground out 1-3 (Groundball, 15)
Batting: LHB Bob Ware 0-0: Ball
1-0: Swinging Strike
1-1: DOUBLE (Line Drive, 7LS)
Batting: SHB Theron Harper 0-0: Ground out 4-3 (Groundball, 4)
Bob Ware to third
Batting: LHB Gene Cooper 0-0: Ball
1-0: SINGLE (Flyball, 9S)
Bob Ware scores
Batting: SHB Richard Bowman 0-0: Ball
1-0: Called Strike
1-1: Ground out 5-3 (Groundball, 5)
Bottom of the 4th over - 1 run(s), 2 hit(s), 0 error(s), 1 left on base; Pocatello 0 - St Charles 1
TOP OF THE 5TH
Pocatello Boccabellas batting - Pitching for St Charles Sheens : RHP Toshikasu Kiyomizu
Batting: SHB Guillermo Ortíz 0-0: Ball
1-0: Foul Ball, location: 2F
1-1: Foul Ball, location: 2F
1-2: Ball
2-2: SINGLE (Groundball, 5D)
Batting: RHB Chris Parker 0-0: Ball
1-0: Swinging Strike
1-1: Ball
2-1: SINGLE (Groundball, 56D) (infield hit)
Guillermo Ortíz to second
Batting: RHB Fabrice Brodeur 0-0: Called Strike
0-1: Ball
1-1: Ball
2-1: Swinging Strike
2-2: Strikes out looking
Batting: RHB José García 0-0: Fly out, F7 (Line Drive, 7M)
Batting: LHB Norberto Muńóz 0-0: Ball
1-0: Ball
2-0: Foul Ball, location: 2F
2-1: Fly out, F7 (Flyball, 7D)
Top of the 5th over - 0 run(s), 2 hit(s), 0 error(s), 2 left on base; Pocatello 0 - St Charles 1
BOTTOM OF THE 5TH
St Charles Sheens batting - Pitching for Pocatello Boccabellas : LHP Martin Lowry
Batting: RHB Dan Tyler 0-0: Ball
1-0: Ball
2-0: Foul Ball, location: 2F
2-1: DOUBLE (Flyball, 8LXD)
Batting: LHB Jason Lambert 0-0: Ball
1-0: Called Strike
1-1: Foul Ball, location: 2F
1-2: Strikes out swinging
Batting: RHB Júlio Figueroa 0-0: Called Strike
0-1: Ball
1-1: Foul Ball, location: 2F
1-2: Ball
2-2: Ball
3-2: Base on Balls
Batting: LHB Larry Howard 0-0: Ball
1-0: Foul Ball, location: 2F
1-1: Grounds into double play, 4-6-3 (Groundball, 34)
Bottom of the 5th over - 0 run(s), 1 hit(s), 0 error(s), 1 left on base; Pocatello 0 - St Charles 1
TOP OF THE 6TH
Pocatello Boccabellas batting - Pitching for St Charles Sheens : RHP Toshikasu Kiyomizu
Batting: RHB Marlon Phipps 0-0: Called Strike
0-1: Ball
1-1: Ball
2-1: Called Strike
2-2: Ball
3-2: Foul Ball, location: 2F
3-2: Base on Balls
Batting: LHB Juan Cortés 0-0: Ball
1-0: Foul Ball, location: 2F
1-1: Ball
2-1: Ball
3-1: Foul Ball, location: 2F
3-2: Base on Balls
Marlon Phipps to second
Batting: RHB Pedro Guzmán 0-0: Called Strike
0-1: Fly out, F8 (Line Drive, 8LD)
Runner from 2nd tags up, SAFE at 3rd, no throw
Batting: RHB José Delgado 0-0: Ball
1-0: Foul Ball, location: 2F
1-1: Ball
Juan Cortés is caught stealing 2nd base
2-1: Called Strike
2-2: Ground out 4-3 (Groundball, 4S)
Top of the 6th over - 0 run(s), 0 hit(s), 0 error(s), 1 left on base; Pocatello 0 - St Charles 1
BOTTOM OF THE 6TH
St Charles Sheens batting - Pitching for Pocatello Boccabellas : LHP Martin Lowry
Batting: RHB Judson Backstrom 0-0: Ball
1-0: Called Strike
1-1: Ground out 4-3 (Groundball, 4)
Batting: LHB Bob Ware 0-0: Ball
1-0: Called Strike
1-1: Fly out, F7 (Flyball, 7D)
Batting: SHB Theron Harper 0-0: Ball
1-0: Fly out, F9 (Flyball, 89M)
Bottom of the 6th over - 0 run(s), 0 hit(s), 0 error(s), 0 left on base; Pocatello 0 - St Charles 1
TOP OF THE 7TH
Pocatello Boccabellas batting - Pitching for St Charles Sheens : RHP Toshikasu Kiyomizu
Batting: SHB Guillermo Ortíz 0-0: Foul Ball, location: 2F
0-1: Foul Ball, location: 2F
0-2: Foul Ball, location: 2F
0-2: Strikes out swinging
Batting: RHB Chris Parker 0-0: Called Strike
0-1: Swinging Strike
0-2: Ball
1-2: Ball
2-2: Ball
3-2: Foul Ball, location: 2F
3-2: Ground out 6-3 (Groundball, 6D)
Batting: RHB Fabrice Brodeur 0-0: Ball
1-0: Called Strike
1-1: Fly out, F8 (Flyball, 6MD)
Top of the 7th over - 0 run(s), 0 hit(s), 0 error(s), 0 left on base; Pocatello 0 - St Charles 1
BOTTOM OF THE 7TH
St Charles Sheens batting - Pitching for Pocatello Boccabellas : LHP Martin Lowry
Batting: LHB Gene Cooper 0-0: Ball
1-0: Ball
2-0: Ball
3-0: Called Strike
3-1: Foul Ball, location: 2F
3-2: Base on Balls
Batting: SHB Richard Bowman 0-0: Sac Bunt - play at first, batter OUT! 5-4
Gene Cooper to second
Batting: RHB Dan Tyler 0-0: Intentional Walk
Pinch Hitting: RHB Kel Pierce 0-0: SINGLE (Groundball, 3L)
Gene Cooper to third
Dan Tyler to second
Batting: RHB Júlio Figueroa 0-0: Ball
1-0: Swinging Strike
1-1: Swinging Strike
1-2: Ball
2-2: Grounds into double play, 6-4-3 (Groundball, 6M)
Bottom of the 7th over - 0 run(s), 1 hit(s), 0 error(s), 2 left on base; Pocatello 0 - St Charles 1
TOP OF THE 8TH
Pocatello Boccabellas batting - Pitching for St Charles Sheens : RHP Toshikasu Kiyomizu
Pitching: LHP Rubén Martínez
Now at C: Juan Jose Rojas
Now in RF: Marcos Cantú
Batting: RHB José García 0-0: Ball
1-0: Called Strike
1-1: Foul Ball, location: 2F
1-2: DOUBLE (Line Drive, 78XD)
Batting: LHB Norberto Muńóz 0-0: Ball
1-0: Ball
2-0: Ground out 5-3 (Groundball, 56S)
José García to third
Pitching: RHP Tsugahara Suzuki
Batting: RHB Marlon Phipps 0-0: Foul Ball, location: 2F
0-1: Ball
1-1: Ball
2-1: Foul Ball, location: 2F
2-2: Strikes out swinging
Pitching: LHP Shan Liu
Batting: LHB Juan Cortés 0-0: Ball
1-0: Swinging Strike
1-1: Ball
2-1: Ground out 4-3 (Groundball, 4)
Top of the 8th over - 0 run(s), 1 hit(s), 0 error(s), 1 left on base; Pocatello 0 - St Charles 1
BOTTOM OF THE 8TH
St Charles Sheens batting - Pitching for Pocatello Boccabellas : LHP Martin Lowry
Pitching: RHP Jesse Moser
Batting: LHB Larry Howard 0-0: SINGLE (Groundball, 34)
Batting: RHB Judson Backstrom 0-0: Called Strike
0-1: Ball
1-1: Swinging Strike
1-2: Ball
2-2: Fly out, F6 (Line Drive, 6)
Batting: LHB Bob Ware 0-0: Fly out, F9 (Flyball, 89M)
Batting: SHB Theron Harper 0-0: Called Strike
0-1: Ball
1-1: Ball
2-1: Foul Ball, location: 2F
2-2: Ball
3-2: Fly out, F9 (Popup, 4D)
Bottom of the 8th over - 0 run(s), 1 hit(s), 0 error(s), 1 left on base; Pocatello 0 - St Charles 1
TOP OF THE 9TH
Pocatello Boccabellas batting - Pitching for St Charles Sheens : LHP Shan Liu
Batting: RHB Pedro Guzmán 0-0: Ball
1-0: SOLO HOME RUN (Flyball, 7D), Distance : 375 ft
Pitching: RHP Gustavo Ramos
Batting: RHB José Delgado 0-0: Ball
1-0: Ball
2-0: Foul Ball, location: 2F
2-1: Called Strike
2-2: Strikes out looking
Batting: SHB Guillermo Ortíz 0-0: Ball
1-0: Foul Ball, location: 2F
1-1: Swinging Strike
1-2: Strikes out looking
Pinch Hitting: LHB David Monahan 0-0: Ball
1-0: Swinging Strike
1-1: Foul Ball, location: 2F
1-2: Ground out U3 (Groundball, 3S)
Top of the 9th over - 1 run(s), 1 hit(s), 0 error(s), 0 left on base; Pocatello 1 - St Charles 1
BOTTOM OF THE 9TH
St Charles Sheens batting - Pitching for Pocatello Boccabellas : RHP Jesse Moser
Now at SS: Jesús Ramírez
Batting: LHB Gene Cooper 0-0: Called Strike
0-1: Foul Ball, location: 2F
0-2: Strikes out swinging
Batting: SHB Richard Bowman 0-0: Swinging Strike
0-1: Ball
1-1: Ball
2-1: Ball
3-1: Swinging Strike
3-2: Base on Balls
Batting: RHB Dan Tyler 0-0: Ball
1-0: Grounds into double play, 6-4-3 (Groundball, 6)
Bottom of the 9th over - 0 run(s), 0 hit(s), 0 error(s), 0 left on base; Pocatello 1 - St Charles 1
TOP OF THE 10TH
Pocatello Boccabellas batting - Pitching for St Charles Sheens : RHP Gustavo Ramos
Batting: RHB Fabrice Brodeur 0-0: Called Strike
0-1: DOUBLE (Flyball, 8LD) - OUT at third base trying to stretch hit.
Batting: RHB José García 0-0: Ball
1-0: Called Strike
1-1: Ball
2-1: Ball
3-1: Hit by Pitch
Batting: LHB Norberto Muńóz 0-0: Called Strike
0-1: Swinging Strike
0-2: Ball
José García is caught stealing 2nd base
1-2: Ball
2-2: Strikes out swinging
Top of the 10th over - 0 run(s), 1 hit(s), 0 error(s), 0 left on base; Pocatello 1 - St Charles 1
BOTTOM OF THE 10TH
St Charles Sheens batting - Pitching for Pocatello Boccabellas : RHP Jesse Moser
Batting: LHB Marcos Cantú 0-0: Fly out, F9 (Flyball, 89XD)
Batting: LHB Juan Jose Rojas 0-0: Called Strike
0-1: Swinging Strike
0-2: Ball
1-2: Ball
2-2: Ground out 4-3 (Groundball, 4)
Batting: LHB Larry Howard 0-0: Ball
1-0: Ball
2-0: Called Strike
2-1: Ball
3-1: Called Strike
3-2: Foul Ball, location: 2F
3-2: Foul Ball, location: 2F
3-2: Strikes out looking
Bottom of the 10th over - 0 run(s), 0 hit(s), 0 error(s), 0 left on base; Pocatello 1 - St Charles 1
TOP OF THE 11TH
Pocatello Boccabellas batting - Pitching for St Charles Sheens : RHP Gustavo Ramos
Batting: RHB Marlon Phipps 0-0: Swinging Strike
0-1: Swinging Strike
0-2: Foul Ball, location: 2F
0-2: Foul Ball, location: 2F
0-2: Ball
1-2: Ball
2-2: Foul Ball, location: 2F
2-2: Foul Ball, location: 2F
2-2: Foul Ball, location: 2F
2-2: Foul Ball, location: 2F
2-2: Hit by Pitch
Batting: LHB Juan Cortés 0-0: Swinging Strike
0-1: Ball
1-1: Foul Ball, location: 2F
1-2: Foul Ball, location: 2F
1-2: Foul Ball, location: 2F
1-2: Fly out, F9 (Flyball, 9D)
Batting: RHB Pedro Guzmán 0-0: Ball
1-0: Called Strike
1-1: Fielders Choice at 2nd, 6-4 (Groundball, 6)
Pitching: RHP Jeff Lynn
Batting: RHB José Delgado 0-0: Ball
1-0: Ball
2-0: Ball
3-0: Swinging Strike
3-1: Base on Balls
Pedro Guzmán to second
Batting: SHB Guillermo Ortíz 0-0: Foul Ball, location: 2F
0-1: Ball
1-1: Ball
2-1: Swinging Strike
2-2: Strikes out swinging
Top of the 11th over - 0 run(s), 0 hit(s), 0 error(s), 2 left on base; Pocatello 1 - St Charles 1
BOTTOM OF THE 11TH
St Charles Sheens batting - Pitching for Pocatello Boccabellas : RHP Jesse Moser
Batting: RHB Judson Backstrom 0-0: Ball
1-0: SINGLE (Groundball, 6MD)
Batting: LHB Bob Ware 0-0: Sac Bunt - play at first, batter OUT! 1-4
Judson Backstrom to second
Batting: SHB Theron Harper 0-0: Ground out 1-3 (Groundball, 13S)
Judson Backstrom to third
Batting: LHB Gene Cooper 0-0: Ball
1-0: Foul Ball, location: 2F
1-1: Ground out U3 (Groundball, 3S)
Bottom of the 11th over - 0 run(s), 1 hit(s), 0 error(s), 1 left on base; Pocatello 1 - St Charles 1
TOP OF THE 12TH
Pocatello Boccabellas batting - Pitching for St Charles Sheens : RHP Jeff Lynn
Batting: LHB Jesús Ramírez 0-0: Called Strike
0-1: Ground out 6-3 (Groundball, 6)
Batting: RHB Fabrice Brodeur 0-0: Ball
1-0: Ball
2-0: Called Strike
2-1: Fly out, F8 (Line Drive, 8LM)
Batting: RHB José García 0-0: Foul Ball, location: 2F
0-1: Foul Ball, location: 2F
0-2: Ball
1-2: Ball
2-2: Ground out 6-3 (Groundball, 6)
Top of the 12th over - 0 run(s), 0 hit(s), 0 error(s), 0 left on base; Pocatello 1 - St Charles 1
BOTTOM OF THE 12TH
St Charles Sheens batting - Pitching for Pocatello Boccabellas : RHP Jesse Moser
Pitching: RHP Mike Pierce
Batting: SHB Richard Bowman 0-0: Foul Ball, location: 2F
0-1: Swinging Strike
0-2: SINGLE (Line Drive, 8LS)
Batting: RHB Dan Tyler 0-0: Bunted foul
0-1: Bunted foul
0-2: Foul Ball, location: 2F
0-2: Ball
1-2: Strikes out swinging
Batting: LHB Marcos Cantú 0-0: Fly out, F8 (Popup, 6MD)
Batting: LHB Juan Jose Rojas 0-0: Called Strike
0-1: Called Strike
0-2: Ball
1-2: 2-RUN HOME RUN (Flyball, 9LD), Distance : 368 ft
Monday, December 5th, 2016 - OOTP Baseball 17.12 Build 75